 Dungeon Crawl Stone Soup version 0.31.0-32-g396128a36d (webtiles) character file.

Game seed: 7967732954906325542

100 lonewolfV2 the Trooper (level 5, 0/42 HPs)
             Began as a Formicid Fighter on Mar 11, 2024.
             Slain by Sigmund
             ... wielding a +1 heavy scythe
              (15 damage)
             ... on level 2 of the Dungeon.
             The game lasted 00:03:14 (1317 turns).

lonewolfV2 the Trooper (Formicid Fighter)           Turns: 1317, Time: 00:03:15

Health: 0/42       AC: 11    Str: 21    XL:     5   Next: 3%
Magic:  5/5        EV:  5    Int:  7    God:
Gold:   76         SH:  5    Dex: 15    Spells: 4/4 levels left

rFire   . . .        a - +0 war axe
rCold   . . .        c - +0 buckler
rNeg    . . .        g - +0 plate armour
rPois   .            (helmet unavailable)
rElec   .            (no cloak)
rCorr   .            (no gloves)
SInv    +            (no boots)
Will    .....        e - amulet of the acrobat Stlth
                     (no ring)
HPRegen 0.27/turn    (no ring)
MPRegen 0.09/turn

%: acrobat
@: no status effects
A: permanent stasis, dig shafts and tunnels, antennae 3, four strong arms
a: Dig, Shaft Self


You were on level 2 of the Dungeon.
You visited 1 branch of the dungeon, and saw 2 of its levels.

You collected 76 gold pieces.

Inventory:

Hand Weapons
 a - a +0 war axe (weapon)
Armour
 c - a +0 buckler (worn)
 g - a +0 plate armour (worn)
Jewellery
 e - an amulet of the acrobat (around neck)
Scrolls
 f - a scroll of acquirement {unknown}
Potions
 d - a potion of might


   Skills:
 + Level 4.3 Fighting
 * Level 4.0 Axes
 - Level 3.2 Armour
 - Level 4.0 Shields


You had 4 spell levels left.
You didn't know any spells.
Your spell library contained the following spells:

 Spells                   Type           Power      Damage    Failure   Level
 Jinxbite                 Hex            0%         N/A       100%        2
 Yara's Violent Unravell  Hex/Alch       0%         3d3       100%        5
 Enfeeble                 Hex            0%         N/A       100%        7


Dungeon Overview and Level Annotations

Branches:
Dungeon (2/15)

Altars:

Annotations:
D:2 Sigmund


Innate Abilities, Weirdness & Mutations

You cannot be hasted, slowed, berserked, paralysed or teleported.
You can dig through walls and to a lower floor.
You have a pair of large antennae on your head. (SInv)
Your four strong arms can wield two-handed weapons with a shield.


Message History

A bat comes into view.
A bat is nearby!
A rat comes into view.
The rat squeaks loudly.
You hear a shout!
The bat closely misses you.
Sigmund the Dreaded comes into view.
He is wielding a +1 heavy scythe.
There are monsters nearby!
You hit the bat.
You kill the bat!
Found a stone staircase leading down.
A rat comes into view.
There are monsters nearby!
Found an escape hatch in the floor.
The rat squeaks loudly.
There are monsters nearby!
You barely miss the rat.
Sigmund hits you from afar with a +1 heavy scythe.
The rat bites you but does no damage.
The rat twitches its whiskers.
The rat bites you but does no damage.
There are monsters nearby!
You slash the rat!
You kill the rat!
You barely miss the rat. You block the rat's attack.
Sigmund hits you from afar with a +1 heavy scythe!
The rat closely misses you.
Sigmund points at you and mumbles some strange words.
The magic dart hits you but does no damage.
The rat bites you but does no damage.
Sigmund mumbles some strange words.
Sigmund flickers and vanishes for a moment.
You barely miss Sigmund. You hit the rat.
You kill the rat!
Sigmund hits you with a +1 heavy scythe!
You closely miss Sigmund. You slash Sigmund!
Sigmund is heavily wounded.
Sigmund hits you with a +1 heavy scythe!
You die...
Sigmund begins carving another notch in his scythe.

#.# #.......# ###....#..... #.#
#.#.#.###...#......~~~~
#.#######.#.#.###.>.#....#.~≈≈~
###.........#....#....#....#.~≈≈~
........# #.###.##...####.##.~≈~≈
........# #.# #.#....# #.##.~≈~~
######..# #.# #.....# #.##.....
#†.# #.# #...8.# #.##.~~~~ #..#
#.# #.@@..# #....~≈≈≈ #..# #.#
#.#....# #.#..~≈≈≈
#..###.###.##...# #.##.~~~≈
#.......>#.# ....###.##.....
########.#.. #.>.#..<.......
#.### ...########... #.# ### ###.
#.# #. #.# #.


You could see Sigmund (invisible).

Vanquished Creatures
  Robin (D:2)
  2 adders (D:2)
  A ribbon worm (D:2)
  3 dart slugs (D:2)
  5 bats
  9 endoplasms
  3 giant cockroaches
  12 goblins
  4 hobgoblins
  A quokka (D:1)
  6 ball pythons
  3 frilled lizards
  7 rats
57 creatures vanquished.

Notes
Turn   | Place    | Note
-------+----------+-------------------------------------------
     0 | D:1      | lonewolfV2 the Formicid Fighter began the quest for the
                  | Orb.
     0 | D:1      | Reached XP level 1. HP: 18/18 MP: 1/1
    95 | D:1      | Reached XP level 2. HP: 24/24 MP: 2/2
   226 | D:1      | Reached XP level 3. HP: 29/30 MP: 3/3
   884 | D:2      | Reached XP level 4. HP: 34/37 MP: 4/4
   915 | D:2      | Noticed Robin
   947 | D:2      | Killed Robin
  1222 | D:2      | Reached XP level 5. HP: 42/42 MP: 5/5
  1306 | D:2      | Noticed Sigmund
  1317 | D:2      | Slain by Sigmund

Illustrated notes

Levels and vault maps discovered:
D:1:      minmay_arrival_jagged, layout_rooms
D:2:      layout_loops_ring, grunt_ministairs_12, minivault_14, uniq_robin,
          uniq_sigmund

Skill      XL: |  1  2  3  4 |
---------------+-------------+-----
Axes           | 3 4 |  4.0
Fighting       | 4 |  4.3
Armour         | |  3.2
Shields        | |  4.0

Action                     |  1- 3 |  4- 6 || total
---------------------------+-------+-------++-------
  Melee: War axe           |    71 |    51 ||   122
    Use: Scroll            |     3 |       ||     3
 Armour: Scale mail        |    49 |    41 ||    90
         Plate armour      |       |    16 ||    16
  Dodge: Dodged            |    49 |    31 ||    80
  Block: Buckler           |    15 |    17 ||    32
